 Dungeon Crawl Stone Soup version 0.32-a0-540-g866d13106e (webtiles) character file.

Game seed: 13689837849643048998

2483 retardedninja the Cleaver (level 9, -3/82 HPs)
             Began as a Mountain Dwarf Fighter on Feb 28, 2024.
             Was a Follower of Cheibriados.
             Killed from afar by an acid dragon (22 damage)
             ... with a splash of acid
             ... on level 6 of the Dungeon.
             The game lasted 00:07:50 (5310 turns).

retardedninja the Cleaver (Mountain Dwarf Fighter)  Turns: 5310, Time: 00:07:51

Health: -3/82      AC: 10    Str: 33    XL:     9   Next: 27%
Magic:  9/9        EV:  8    Int: 11    God:    Cheibriados [*.....]
Gold:   138        SH:  6    Dex: 18    Spells: 8/8 levels left

rFire   . . .        C - +0 broad axe
rCold   . . .        c - +0 buckler
rNeg    . . .        g - +0 plate armour
rPois   .            B - +0 helmet
rElec   .            (no cloak)
rCorr   .            (no gloves)
SInv    .            (no boots)
Will    .....        f - amulet of regeneration Stlth
                     z - +6 ring of dexterity
HPRegen 1.13/turn    q - +6 ring of strength
MPRegen 0.11/turn

%: no passive effects
@: mighty, corroded, very slow
A: runic magic, artefact enchanting
a: Renounce Religion, Bend Time


You were on level 6 of the Dungeon.
You worshipped Cheibriados.
Cheibriados was aware of your devotion.
You visited 2 branches of the dungeon, and saw 7 of its levels.

You collected 222 gold pieces.
You spent 84 gold pieces at shops.

Inventory:

Hand Weapons
 C - a +0 broad axe (weapon)
Missiles
 E - a throwing net (quivered)
Armour
 c - a +0 buckler (worn)
 g - a +0 plate armour (worn)
 B - a +0 helmet (worn)
Jewellery
 f - an amulet of regeneration (around neck)
 q - a +6 ring of strength (right hand)
 z - a +6 ring of dexterity (left hand)
 F - a +4 ring of protection
Wands
 d - a wand of mindburst (13)
 t - a wand of flame (14)
 y - a wand of paralysis (6)
Scrolls
 i - a scroll of immolation {unknown}
 l - a scroll of brand weapon {unknown}
 m - 3 scrolls of teleportation {unknown}
 o - a scroll of enchant weapon {unknown}
 s - 3 scrolls of blinking {unknown}
 w - 2 scrolls of amnesia {unknown}
 A - 2 scrolls of fog {unknown}
 D - a scroll of vulnerability {unknown}
Potions
 a - a potion of berserk rage {unknown}
 b - a potion of might
 e - a potion of degeneration {unknown}
 h - 4 potions of magic
 j - 3 potions of brilliance
 k - 3 potions of enlightenment
 n - a potion of mutation {unknown}
 p - 2 potions of resistance
 r - 2 potions of heal wounds {unknown}
 u - a potion of curing {unknown}
 v - 2 potions of haste {unknown}
 x - 6 potions of attraction {unknown}


   Skills:
 * Level 8.6 Fighting
 * Level 9.1 Axes
 + Level 6.5 Armour
 + Level 6.4 Shields


You had 8 spell levels left.
You didn't know any spells.
Your spell library contained the following spells:

 Spells                   Type           Power      Damage    Failure   Level
 Apportation              Tloc           0%         N/A       54%         1
 Cigotuvi's Dreadful Rot  Necr/Alch/Air  0%         N/A       69%         2
 Ensorcelled Hibernation  Hex/Ice        0%         N/A       69%         2
 Jinxbite                 Hex            0%         N/A       69%         2
 Frozen Ramparts          Ice            0%         1d1       89%         3
 Fugue of the Fallen      Necr           0%         N/A       89%         3
 Anguish                  Hex/Necr       0%         N/A       100%        4
 Dispel Undead            Necr           0%         3d6       100%        4
 Leda's Liquefaction      Alch/Erth      0%         N/A       100%        4
 Martyr's Knell           Necr/Summ      0%         N/A       100%        4
 Petrify                  Alch/Erth      0%         N/A       100%        4
 Alistair's Intoxication  Alch           0%         N/A       100%        5
 Metabolic Englaciation   Hex/Ice        0%         N/A       100%        5
 Death Channel            Necr           0%         N/A       100%        6


Dungeon Overview and Level Annotations

Branches:
Dungeon (6/15)             Temple (1/1) D:6

Altars:
Ashenzari
Cheibriados
Elyvilon
Fedhas
Gozag
Hepliaklqana
Kikubaaqudgha
Nemelex Xobeh
Qazlal
Ru
Uskayaw
Vehumet
Wu Jian
Yredelemnul
Zin
The Shining One

Shops:
D:5 (


Innate Abilities, Weirdness & Mutations

Your spellcasting is much less encumbered by armour.
You can use scrolls of enchantment on lesser artefacts.


Message History

The acid dragon closely misses you.
The acid dragon claws you but does no damage.
You slash the acid dragon!
The acid dragon is severely wounded.
You hit the shadow imp but do no damage.
You block the acid dragon's attack. The acid dragon closely misses you.
The shadow imp hits you but does no damage.
You barely miss the acid dragon.
The acid dragon is severely wounded.
You hit the shadow imp. The acid dragon spits acid at you.
The splash of acid hits you. The shadow imp closely misses you.
The acid dragon bites you! The acid dragon claws you.
The shadow imp hits you but does no damage.
You barely miss the acid dragon.
The acid dragon is severely wounded.
You slash the shadow imp!
You kill the shadow imp!
Cheibriados appreciates the change of pace.
The acid dragon spits acid at you. The splash of acid hits you!!
* * * LOW HITPOINT WARNING * * *
You feel very mighty all of a sudden.
The acid dragon bites you but does no damage.
You block the acid dragon's attack.
You hit the acid dragon but do no damage.
The acid dragon is severely wounded.
The acid dragon bites you.
* * * LOW HITPOINT WARNING * * *
You block the acid dragon's attack.
You hit the acid dragon but do no damage.
The acid dragon is severely wounded.
The acid dragon bites you but does no damage.
The acid dragon barely misses you.
You hit the acid dragon.
The acid dragon is almost dead.
The acid dragon spits acid at you. The splash of acid hits you!!
You die...
Cheibriados appreciates the motionlessness of death.

...............## ##### #.#
##.............#. ##...###..##
#............##. ##[....##....
#..........#.†).
#.......#....##.#.#........###
#.......#.....#.###..........#
#(.....[##....#..##......<....
##.....###...D#...#....####...
##...## #.@##..#....###....
####.########.#....##...#.....
#.............#............##.
#.............#.........##.###
#.............#.........####.#
#.########.####...........##..
#..### ##)†.###...............
#....###.)...##..........###..
#....##.......###........###..


You could see an acid dragon (catching breath).

Vanquished Creatures
  Grinder (D:3)
  Eustachio (D:4)
  Duvessa (D:4)
  2 water moccasins (D:5)
  An ice beast (D:5)
  A sky beast (D:6)
  2 black bears
  An ogre (D:6)
  Blork the orc (D:5)
  A gnoll sergeant (D:6)
  4 scorpions
  Dowan (D:4)
  A killer bee (D:6)
  3 jellies (D:6)
  4 hounds
  An orc priest (D:5)
  2 gnoll boudas (D:6)
  Ijyb (D:5)
  2 iguanas
  7 orc wizards
  19 gnolls
  4 adders
  A shadow imp (D:6)
  2 white imps (D:6)
  4 ufetubi (D:6)
  4 dart slugs
  3 ribbon worms
  17 orcs
  6 ball pythons
  4 endoplasms
  3 giant cockroaches
  8 hobgoblins
  7 jackals
  2 kobolds (D:3)
  2 quokkas
  5 bats
  A frilled lizard (D:2)
  4 goblins
  9 rats
143 creatures vanquished.

Notes
Turn   | Place    | Note
-------+----------+-------------------------------------------
     0 | D:1      | retardedninja the Mountain Dwarf Fighter began the quest
                  | for the Orb.
     0 | D:1      | Reached XP level 1. HP: 19/19 MP: 1/1
    77 | D:1      | Reached XP level 2. HP: 22/26 MP: 2/2
   614 | D:2      | Reached skill level 3 in Axes
   639 | D:2      | Found an ornate altar of the Wu Jian Council.
   777 | D:2      | Reached XP level 3. HP: 28/33 MP: 3/3
  1507 | D:3      | Reached XP level 4. HP: 34/40 MP: 4/4
  1591 | D:3      | Noticed Grinder
  1598 | D:3      | Paralysed by Grinder for 5 turns
  1610 | D:3      | Killed Grinder
  1611 | D:3      | Reached skill level 4 in Axes
  1611 | D:3      | Reached XP level 5. HP: 33/47 MP: 5/5
  1677 | D:3      | You fall into a shaft and drop 2 floors!
  1677 | D:5      | Entered Level 5 of the Dungeon
  1696 | D:5      | Reached XP level 6. HP: 55/55 MP: 6/6
  1699 | D:5      | Reached skill level 5 in Fighting
  1704 | D:5      | Noticed an ice beast
  1712 | D:5      | Killed an ice beast
  1713 | D:5      | Reached skill level 5 in Axes
  1836 | D:5      | Noticed Ijyb
  1857 | D:5      | Killed Ijyb
  1983 | D:4      | Noticed Eustachio
  1990 | D:4      | Killed Eustachio
  1991 | D:4      | Reached XP level 7. HP: 54/62 MP: 7/7
  2070 | D:4      | Noticed Duvessa
  2071 | D:4      | Noticed Dowan
  2088 | D:4      | Killed Duvessa
  2089 | D:4      | Reached skill level 6 in Axes
  2089 | D:4      | Killed Dowan
  2090 | D:4      | Reached skill level 5 in Armour
  2090 | D:4      | Reached skill level 5 in Shields
  2887 | D:4      | Found an ornate altar of the Wu Jian Council.
  3142 | D:4      | Identified the +7 mace of Popular Demand {vamp, *Slow rElec
                  | rPois rF+}
  3996 | D:5      | Reached XP level 8. HP: 60/71 MP: 8/8
  4075 | D:5      | Identified the +0 scale mail "Trusted Companion" {rPois}
  4107 | D:5      | Reached skill level 7 in Axes
  4392 | D:5      | Noticed Blork the orc
  4398 | D:5      | Killed Blork the orc
  4676 | D:5      | Found Giothricka's Antique Weapon Shop.
  4696 | D:5      | Bought a broad axe for 84 gold pieces
  4911 | D:6      | Reached skill level 8 in Axes
  4918 | D:6      | Found a staircase to the Ecumenical Temple.
  4980 | Temple   | Entered the Ecumenical Temple
  4993 | Temple   | Became a worshipper of Cheibriados the Contemplative
  5072 | D:6      | Reached XP level 9. HP: 63/81 MP: 9/9
  5137 | D:6      | Reached * piety under Cheibriados
  5161 | D:6      | Found a stormy altar of Qazlal.
  5240 | D:6      | Reached skill level 9 in Axes
  5310 | D:6      | Killed from afar by an acid dragon

Illustrated notes

Levels and vault maps discovered:
D:1:      dpeg_arrival_court, layout_rooms
D:2:      layout_basic, basic_altar, chequers_serial_rivers_micro_d
D:3:      layout_basic, st_stairs_2, uniq_grinder
D:4:      layout_layer_cave, mainiacjoe_overflow_concentric_impassable,
          uniq_duvessa, uniq_eustachio
D:5:      layout_basic, serial_shops, shop, portal_sewer_entry_b,
          uniq_blork_the_orc, uniq_ijyb
D:6:      minmay_opposing_rooms, layout_cave_pools,
          mainiacjoe_overflow_catch_the_wave, nicolae_qazlal_eye_of_the_storm,
          nicolae_overflow_hidden_temple, minmay_temple_entry_slanted
Temple:   nicolae_temple_great_sept

Skill      XL: |  1  2  3  4  5  6  7  8  9 |
---------------+----------------------------+-----
Axes           | 3 4 5 6 8 9 |  9.1
Fighting       | 4 5 6 8 |  8.6
Armour         | 4 5 6 |  6.5
Shields        | 4 5 6 |  6.4

Action                     |  1- 3 |  4- 6 |  7- 9 || total
---------------------------+-------+-------+-------++-------
  Melee: War axe           |   104 |    57 |   134 ||   295
         Broad axe         |       |       |   102 ||   102
  Evoke: Wand              |       |    13 |    10 ||    23
    Use: Potion            |       |     1 |     1 ||     2
         Scroll            |       |       |     4 ||     4
 Armour: Plate armour      |    94 |    54 |   292 ||   440
  Dodge: Dodged            |    33 |    16 |   101 ||   150
  Block: Buckler           |    17 |    10 |    83 ||   110

Table legend: (Time is in decaauts)
 A = Elapsed time spent in this place.
 B = Non-inter-level travel time spent in this place.
 C = Inter-level travel time spent in this place.
 D = Time resting spent in this place.
 E = Time spent auto-exploring this place.
 F = Levels seen in this place.
 G = Mean time per level.
                   A        B        C        D        E       F      G
               +--------+--------+--------+--------+--------+-----+--------+
         Total |   5468 |   5278 |    190 |    276 |   3938 |   7 |  781.1 |
       Dungeon |   5442 |   5263 |    179 |    276 |   3938 |   6 |  907.0 |
        Temple |     26 |     15 |     11 |      0 |      0 |   1 |   26.0 |
               +--------+--------+--------+--------+--------+-----+--------+

Top non-repeatable levels by time:
     D:4: 1339 daAuts
     D:5: 1282 daAuts
     D:3: 1053 daAuts
     D:2: 754 daAuts
     D:1: 548 daAuts
     D:6: 463 daAuts
  Temple: 26 daAuts
